Map: Acropolis LE

Players

PtitDrogo

  • Race: Protoss Protoss
  • League: Master
  • Spawn Location: 5:00

soO - Winner!

  • Race: Zerg Zerg
  • Spawn Location: 11:00

Event: HomeStory Cup XIX

VOD

Have the link to the VOD?

Description

Time

  • Played on: June 28, 2019, 1:29 p.m.
  • Length: 8:08

All games in this series

Show
View Real Time Build Order
Export as new Build Order

PtitDrogo Protoss 

Build Orders: 1 Gate Expand, Oracle Opening, Zealot Archon 

Get SALT Encoding   

  12  0:00  Probe  
  13  0:12  Probe  
  14  0:20  Pylon  
  14  0:25  Probe  
  15  0:29  Assimilator  
  15  0:35  Probe  
  16  0:44  Probe  
  16  0:46  Gateway  
  17  0:53  Probe  
  18  1:05  Probe  
  19  1:17  Probe  
  20  1:36  Nexus  
  20  1:41  Probe, Cybernetics Core  
  21  1:48  Assimilator  
  21  1:53  Probe  
  22  1:55  Pylon  
  22  2:06  Probe  
  23  2:08  Adept  
  23  2:18  Probe  
  26  2:22  Stargate  
  26  2:25  Warp Gate  
  26  2:28  Probe  
  26  2:36  Probe  
  30  2:44  Probe  
  30  2:46  Probe  
  30  2:48  Stalker  
  32  2:54  Probe  
  32  2:56  Probe  
  34  2:59  Oracle  
  34  3:04  Probe  
  34  3:08  Probe  
  39  3:16  Probe  
  40  3:20  Probe  
  40  3:24  Pylon  
  41  3:28  Probe  
  41  3:32  Probe  
  43  3:34  Oracle  
  43  3:35  Assimilator  
  43  3:38  Gateway  
  46  3:42  Probe  
  46  3:44  Probe  
  48  3:50  Pylon  
  48  3:51  Probe  
  49  3:56  Robotics Facility  
  49  3:57  Probe  
  49  3:59  Probe  
  50  4:08  Assimilator, Probe  
  50  4:09  Probe  
  53  4:18  Zealot  
  53  4:20  Probe  
  53  4:21  Probe  
  57  4:29  Nexus  
  57  4:31  Pylon  
  57  4:32  Probe  
  57  4:33  Probe  
  57  4:34  Pylon  
  57  4:37  Twilight Council  
  59  4:39  Observer  
  59  4:40  Forge  
  59  4:44  Probe  
  59  4:45  Probe  
  62  4:56  Sentry x2  
  62  4:57  Probe x2  
  62  4:58  Immortal  
  72  5:09  Probe x2  
  74  5:21  Probe x2  
  75  5:24  Gateway  
  75  5:25  Gateway  
  75  5:28  Gateway  
  76  5:30  Gateway  
  76  5:33  Probe x2  
  78  5:41  Zealot  
  75  5:45  Zealot  
  75  5:46  Probe  
  75  5:48  Probe  
  75  5:49  Probe  
  77  5:58  Probe  
  77  6:00  Probe  
  83  6:06  Zealot x2  
  79  6:14  Templar Archives  
  79  6:15  Shield Battery x2, Pylon x2  
  77  6:19  Zealot x2  
  77  6:23  Zealot x2  
  84  6:25  Pylon  
  84  6:30  Immortal  
  82  6:36  Pylon  
  82  6:37  Pylon  
  82  6:39  Pylon  
  72  6:48  Zealot x4  
  72  6:49  Zealot x2  
  78  7:00  Twilight Council  
  75  7:02  Photon Cannon  
  72  7:09  High Templar x3  
  72  7:14  Archon  
  74  7:16  High Templar  
  74  7:17  Zealot x2  
  74  7:19  Pylon  
  74  7:20  Archon  
  66  7:36  Zealot  
  57  7:38  Zealot x2  
  57  7:42  Zealot x2  
  56  7:53  Zealot x2  
  56  7:56  Probe  
  49  7:59  Zealot  
  49  8:05  Zealot  
Show
View Real Time Build Order
Export as new Build Order

soO Zerg - Winner!

Build Orders: Hatch First 

Get SALT Encoding   

  12  0:00  Drone  
  13  0:12  Overlord  
  13  0:16  Drone  
  14  0:30  Drone x2  
  16  0:37  Drone  
  17  0:52  Hatchery  
  17  0:55  Drone  
  17  0:59  Drone  
  18  1:20  Drone  
  18  1:22  Extractor, Spawning Pool  
  17  1:27  Drone  
  18  1:33  Drone  
  19  1:40  Drone  
  20  1:50  Drone  
  21  1:56  Hatchery  
  20  2:02  Drone  
  20  2:04  Drone  
  22  2:09  Queen  
  22  2:14  Drone  
  25  2:17  Drone  
  25  2:22  Overlord  
  26  2:27  Queen  
  28  2:31  Extractor  
  28  2:35  Metabolic Boost  
  27  2:38  Drone  
  27  2:41  Drone  
  27  2:42  Zergling x2  
  30  2:46  Drone  
  31  2:52  Drone  
  31  2:56  Zergling x2  
  31  2:57  Queen  
  35  2:59  Drone  
  36  3:10  Drone  
  36  3:11  Drone  
  36  3:12  Drone  
  39  3:13  Queen  
  39  3:17  Overlord  
  41  3:22  Drone  
  41  3:26  Overlord  
  42  3:31  Overlord  
  42  3:34  Overlord  
  42  3:36  Drone x2  
  42  3:37  Drone x2  
  46  3:45  Drone x3  
  49  3:49  Queen, Spore Crawler  
  49  3:50  Drone  
  49  3:55  Drone x2  
  53  4:01  Drone  
  53  4:02  Drone x2  
  56  4:06  Spore Crawler  
  56  4:08  Drone x3  
  56  4:09  Drone  
  59  4:12  Lair  
  59  4:16  Drone x2  
  60  4:18  Drone, Extractor  
  60  4:20  Drone, Extractor  
  60  4:22  Drone x2  
  62  4:26  Drone  
  62  4:28  Queen  
  65  4:34  Overlord  
  65  4:38  Queen  
  67  4:45  Spore Crawler  
  67  4:48  Overlord x4  
  66  4:55  Zergling x12  
  72  5:09  Queen  
  72  5:12  Nydus Network  
  72  5:13  Queen x2  
  73  5:17  Overseer  
  73  5:20  Zergling x2  
  73  5:21  Zergling x12  
  80  5:41  Zergling x2  
  81  5:45  Zergling x8, Queen  
  81  5:46  Zergling x2  
  81  5:49  Queen, Nydus Canal  
  88  5:50  Queen  
  88  5:55  Zergling x4  
  88  5:56  Zergling x4  
  90  5:59  Zergling x4  
  85  6:12  Zergling x2  
  85  6:13  Zergling x20  
  85  6:16  Zergling x2  
  95  6:19  Nydus Canal  
  95  6:21  Queen  
  95  6:23  Zergling x8  
  95  6:24  Zergling x4, Queen  
  101  6:30  Zergling x4  
  103  6:34  Zergling x2  
  103  6:38  Queen  
  103  6:40  Zergling x4  
  102  6:52  Zergling x4  
  102  6:53  Zergling x4  
  104  7:00  Zergling x4, Queen  
  106  7:02  Spire  
  106  7:03  Zergling x2  
  105  7:11  Zergling x2  
  105  7:12  Zergling x2  
  105  7:13  Zergling x2  
  104  7:16  Nydus Canal  
  104  7:17  Zergling x2  
  104  7:19  Drone x2  
  104  7:20  Drone x2  
  104  7:21  Overlord  
  105  7:26  Zergling x2  
  101  7:38  Zergling x6  
  101  7:39  Zergling x4  
  101  7:41  Zergling x4  
  112  7:44  Zergling x2  
  112  7:49  Overlord  
  112  7:50  Zergling x2  
Tags
 
Add a new tag
Caveats
  • Supply blocks, unpowered buildings, or Contaminate may cause inaccurate times.
  • Supply counts are checked every 10 seconds.